 BcadrenCrawl: Boulder Brew version 0.05.4-46-gbd7123f023 (webtiles) character file.

Game seed: 18388852257456262437, levelgen mode: deterministic

280 protoss039 the Digger (level 6, -13/32 HPs) Deep Elf Earth Elementalist. Began on Mar 3, 2022. Mangled by a crocodile (15 damage) ... on level 2 of the Dungeon. The game lasted 00:07:00 (1678 turns).

protoss039 the Digger (Deep Elf Earth Elementalist) Turns: 1678, Time: 00:07:00

Health: -13/32     AC:  2    Str:  5    XL:     6 ^: 332
Magic:  5/16       EV: 13    Int: 22    God:
Gold:   43         SH:  0    Dex: 15    Spells: 6/16 levels left

rFire    + . .     Vision   .   a - +0 spear
rCold    + . .     Gourm    .   (no weapon)
rNeg     . . .     Faith    .   b - +0 robe
rCorr    . . .     Spirit   .   (no helmet)
rPois    .         Reflect  .   j - scarf {rC+ rF+}
rElec    .         Harm     .   (no gloves)
MR       .....                  (no boots)
Stlth    ++........             (no amulet)
HPRegen  0.20/turn              (no ring)
MPRegen  0.26/turn              (no ring)

@: no status effects
A: no striking features
a: no special abilities


You were on level 2 of the Dungeon.
You were hungry.

You visited 1 branch of the dungeon, and saw 2 of its levels.

You collected 43 gold pieces.

Inventory:

Weapons
 a - a +0 spear (weapon)
Armour
 b - a +0 robe (worn)
 j - a scarf of resistance (worn)
Jewellery
 g - a cursed ring of strength {(Curse: MR-)}
Scrolls
 f - 2 scrolls of bless item
 i - a scroll of teleportation
Potions
 d - a potion of agility
 e - a potion of cancellation
 h - a potion of heal wounds
Comestibles
 c - a ration


   Skills:
 - Level 3.1 Dodging
 - Level 3.1 Stealth
 + Level 5.5 Spellcasting
 + Level 1.1 Transmutations
 + Level 5.8 Earth Magic


You had 6 spell levels left.
You knew the following spells:

 Your Spells              Type           Power        Failure   Level  Hunger
a - Sandblast             Erth           31 (50)      1%          1    0
b - Passwall              Tmut/Erth      21 (120)     3%          2    0
c - Stone Arrow Erth 31 (50) 2% 3 0-58 d - Petrify Tmut/Erth      21 (100)     22%         4    78-178

Your spell library contained the following spells:

 Spells                   Type           Power        Failure   Level  Hunger
 Lee's Rapid Deconstruct Erth 31 (200) 24% 5 198-358 Methodical Deconstructi Erth           31 (200)     24%         5    198-358


Dungeon Overview and Level Annotations

Branches:
Dungeon (2/8)

Altars:


Message History

Confirm with . or Enter, or press ? or * to list all spells.
Aiming: Stone Arrow (safe; 2% risk of failure)
Press: ? - help, Shift-Dir - straight line, f - crocodile
Aim: a crocodile (88%, 92% to-hit, healthy (28/28), 76% (Melee))
The stone arrow hits the crocodile (7)!
The crocodile is moderately wounded. (21/28) HP A sewer rat comes into view.
The crocodile bites you (12)!
* * * LOW HITPOINT WARNING * * *
Unknown command.
Okay, then.
Casting: Stone Arrow (safe; 2% risk of failure)
Confirm with . or Enter, or press ? or * to list all spells.
Aiming: Sandblast (safe; 1% risk of failure)
Press: ? - help, Shift-Dir - straight line, f/p - crocodile
Aim: a crocodile (88%, 92% to-hit, moderately wounded (21/28), 76% (Melee))
The blast of sand hits the crocodile (18)!!
The crocodile is almost dead. (3/28) HP The crocodile bites you (15)!
You die...

#≈≈≈≈≈≈≈≈.##
#≈≈≈≈≈r≈.#≈
#≈≈≈≈≈≈r..## .
#.≈≈≈≈≈≈..≈ .≈
#...≈≈≈≈≈# #..
#.≈......#
#≈≈#.≈≈≈.≈≈≈#
#≈...≈≈t@≈≈≈#
#...).≈≈≈≈≈≈#
##.#.≈≈≈≈≈≈≈#
#.#.≈≈≈≈≈≈≈#
#≈≈≈.≈≈≈≈≈.#
.####≈≈;≈≈≈..###
#≈.≈#≈≈≈≈≈≈..#.##
#..#≈≈≈≈≈≈.≈.≈≈#
##≈..≈≈≈≈≈.....####


You could see a crocodile, 2 submerged sewer rats and a neutral slimehead
(wandering) (passive).

Vanquished Creatures
  A crocodile (D:2)
  A jelly (D:2)
  2 giant cockroaches
  10 sewer rats
  3 cinder newts (D:1)
  An ooze (D:2)
  2 dart slugs (D:1)
  2 leopard geckos
  6 bats
  3 hobgoblins (D:1)
  A ball python (D:1)
  4 goblins (D:1)
  A hobgoblin skeleton (D:2)
  3 kobolds (D:1)
  An orc skeleton (D:2)
  4 rats (D:1)
45 creatures vanquished.

Vanquished Creatures (others)
  25 withered plants (D:2)
25 creatures vanquished.

Grand Total: 70 creatures vanquished

Notes
Turn   | Place    | Note
-------+----------+-------------------------------------------
     0 | D:1      | protoss039 the Deep Elf Earth Elementalist began the quest
                  | for the Orb.
     0 | D:1      | Reached XP level 1. HP: 10/10 MP: 6/6
     0 | D:1      | Noticed a minotaur
     0 | D:1      | Noticed a draconian
     0 | D:1      | Noticed an ogre
     2 | D:1      | Noticed a vampire
     5 | D:1      | Noticed an octopode
     6 | D:1      | Noticed a naga
     7 | D:1      | Noticed a mummy
     8 | D:1      | Noticed a spriggan
    10 | D:1      | Noticed a minotaur
    10 | D:1      | Noticed a centaur
    12 | D:1      | Noticed a naga
    14 | D:1      | Noticed a human
    14 | D:1      | Noticed a spriggan
    16 | D:1      | Noticed a gargoyle
    16 | D:1      | Noticed a draconian
    18 | D:1      | Noticed a centaur
    20 | D:1      | Noticed a dwarf
   172 | D:1      | Reached XP level 2. HP: 11/15 MP: 8/8
   259 | D:1      | Reached XP level 3. HP: 10/19 MP: 9/9
  1268 | D:1      | Learned a level 2 spell: Passwall
  1272 | D:1      | Learned a level 3 spell: Stone Arrow
  1279 | D:2      | Reached XP level 4. HP: 24/24 MP: 7/11
  1282 | D:2      | Noticed a crocodile
  1290 | D:2      | Killed a crocodile
  1290 | D:2      | Reached skill level 5 in Earth Magic
  1290 | D:2      | Reached XP level 5. HP: 28/28 MP: 0/13
  1430 | D:1      | Learned a level 4 spell: Petrify
  1441 | D:2      | Reached skill level 5 in Spellcasting
  1641 | D:2      | Reached XP level 6. HP: 28/32 MP: 1/16
  1678 | D:2      | Mangled by a crocodile

Levels and vault maps discovered:
D:1:      shiori_arrival_whats_in_store_for_you, layout_loops_corners,
          serial_forest, infiniplex_forest_clump_C, infiniplex_forest_split,
          infiniplex_forest_lined_1, infiniplex_forest_side_room,
          minmay_splitting_lines, minivault_14, minmay_3d_cube
D:2:      layout_sewer

Skill      XL: |  1  2  3  4  5 |
---------------+----------------+-----
Dodging        | 3 |  3.1
Stealth        | 3 |  3.1
Earth Magic    | 4 5 |  5.8
Spellcasting   | 4 5 |  5.5
Transmutations | |  1.1

Action                   |  1- 3 |  4- 6 || total
-------------------------+-------+-------++-------
Melee: Unarmed           |    74 |     2 ||    76
       Spear             |    91 |     3 ||    94
 Cast: Sandblast         |     7 |    20 ||    27
       Stone Arrow       |       |    25 ||    25
  Use: Potion            |       |     1 ||     1
 Stab: Sleeping          |     4 |       ||     4
  Eat: Chunk             |       |     3 ||     3
Armor: Robe              |    30 |     2 ||    32
Dodge: Dodged            |    25 |     6 ||    31
